 Dungeon Crawl Stone Soup version 0.31-a0-174-g85c54bcb58 (webtiles) character file.

Game seed: 2332597908444431411

83 qw the Shooter (level 4, -1/40 HPs)
             Began as a Naga Hunter on June 16, 2023.
             Slain by a water moccasin (8 damage)
             ... on level 3 of the Dungeon.
             The game lasted 00:00:42 (1879 turns).

qw the Shooter (Naga Hunter)                        Turns: 1879, Time: 00:00:42

Health: -1/40      AC:  3    Str: 13    XL:     4   Next: 44%
Magic:  4/4        EV:  9    Int: 10    God:
Gold:   163        SH:  0    Dex: 16    Spells: 3/3 levels left

rFire   . . .        Y - +0 shortbow
rCold   . . .        (shield currently unavailable)
rNeg    . . .        c - +0 leather armour
rPois   +            (no helmet)
rElec   .            i - +0 cloak
rCorr   .            (no gloves)
SInv    +            (no barding)
Will    .....        (no amulet)
Stlth   ++           (no ring)
HPRegen 0.26/turn    (no ring)
MPRegen 0.09/turn

%: no passive effects
@: lethally poisoned (-1 -> -9), very slow
A: AC +1, large, see invisible, deformed body, poison resistance, slowness 2,
spit poison 1, naga tail 1
a: Spit Poison


You were on level 3 of the Dungeon.
You visited 1 branch of the dungeon, and saw 3 of its levels.

You collected 163 gold pieces.


Innate Abilities, Weirdness & Mutations

Your serpentine skin is tough. (AC +1)
You have supernaturally acute eyesight. (SInv)
Armour fits poorly on your strangely shaped body.
Your system is resistant to poisons. (rPois)
You cover ground very slowly.
You can spit poison.
You have a snake-like lower body.


   Skills:
 + Level 2.6 Fighting
 - Level 5.0 Ranged Weapons
 - Level 1.5 Dodging
 - Level 1.5 Stealth


You had 3 spell levels left.
You didn't know any spells.
Your spell library was empty.

Inventory:

Hand Weapons
 Y - a +0 shortbow (weapon)
Armour
 c - a +0 leather armour (worn)
 i - a +0 cloak (worn)
Jewellery
 d - a +6 ring of intelligence
Scrolls
 b - a scroll of identify
Potions
 a - a potion of magic {unknown}
 e - a potion of curing
 f - a potion of invisibility {unknown}
 j - a potion of lignification {unknown}
 l - a potion of cancellation {unknown}

Dungeon Overview and Level Annotations

Branches:
Dungeon (3/15)

Altars:
Kikubaaqudgha


Message History

You shoot an arrow. The arrow hits the endoplasm.
The endoplasm is severely wounded.
The endoplasm hits you.
You shoot an arrow.
The arrow completely misses the endoplasm.
The endoplasm closely misses you.
You shoot an arrow. The arrow hits the endoplasm!
You kill the endoplasm!
You start resting.
HP restored.
A water moccasin comes into view.
Found a stone staircase leading up.
Enter note:
Enter note:
Enter note:
Enter note:
Enter note:
Enter note: You shoot an arrow.
The arrow hits the water moccasin.
The water moccasin hisses angrily.
The water moccasin is lightly wounded.
You shoot an arrow. The arrow misses the water moccasin.
The water moccasin bites you. The water moccasin barely misses you.
You shoot an arrow. The arrow hits the water moccasin.
The water moccasin is lightly wounded.
The water moccasin bites you!
You shoot an arrow.
The arrow barely misses the water moccasin.
The water moccasin barely misses you. The water moccasin bites you.
You are poisoned.
The water moccasin poisons you!
You shoot an arrow.
The arrow closely misses the water moccasin.
You feel very sick. The water moccasin bites you.
The water moccasin barely misses you.
You shoot an arrow. The arrow hits the water moccasin!
The water moccasin is heavily wounded.
You feel very sick. The water moccasin bites you. The water moccasin bites you!
You die...

..####.#. ....# # .#
....# ... .# ....# ....
.# ....# ... .# ....# ##
... .### ....# . #.# ...
....# #.#.##S###..<
....# #.#.#@...?.# ##.##
#............ ...#
####.###.##### ...####
#............ ......#
#....#......
...##.##.##....#..######
##.#....................
...#..##.#######.#.#####
#..#..##.# #.#...


You could see a water moccasin.

Vanquished Creatures
  A gnoll (D:1)
  An adder (D:3)
  A dart slug (D:1)
  5 bats
  6 endoplasms
  4 giant cockroaches
  5 goblins
  10 hobgoblins
  3 jackals
  A quokka (D:2)
  7 ball pythons
  A frilled lizard (D:3)
  4 kobolds
  5 rats
54 creatures vanquished.

Notes
Turn   | Place    | Note
-------+----------+-------------------------------------------
     0 | D:1      | qw the Naga Hunter began the quest for the Orb.
     0 | D:1      | Reached XP level 1. HP: 19/19 MP: 1/1
     0 | D:1      | 0 ||| qw: Version: 0.2-a-29-g511e9b1
     0 | D:1      | 0 ||| qw: Game counter: 5633
     0 | D:1      | 0 ||| qw: Always use a shield: true
     0 | D:1      | 0 ||| qw: God list: Okawaru
     0 | D:1      | 0 ||| qw: Allow faded altars: false
     0 | D:1      | 0 ||| qw: Do Orc after D:15 true
     0 | D:1      | 0 ||| qw: Do second Lair branch before Depths: true
     0 | D:1      | 0 ||| qw: Lair rune preference: random
     0 | D:1      | 0 ||| qw: Plans: Normal
     0 | D:1      | 0 ||| PLANNING D:1-11
    21 | D:1      | 21 ||| INVOKING Spit Poison.
    25 | D:1      | 25 ||| INVOKING Spit Poison.
    41 | D:1      | 41 ||| INVOKING Spit Poison.
    45 | D:1      | Reached skill level 4 in Ranged Weapons
    45 | D:1      | Reached XP level 2. HP: 26/26 MP: 2/2
    46 | D:1      | 46 ||| INVOKING Spit Poison.
    59 | D:1      | 59 ||| INVOKING Spit Poison.
    63 | D:1      | 63 ||| INVOKING Spit Poison.
   105 | D:1      | Found a faded altar of an unknown god.
   111 | D:1      | 111 ||| INVOKING Spit Poison.
   144 | D:1      | 144 ||| INVOKING Spit Poison.
   150 | D:1      | 150 ||| INVOKING Spit Poison.
   151 | D:1      | 151 ||| INVOKING Spit Poison.
   185 | D:1      | 185 ||| INVOKING Spit Poison.
   210 | D:1      | 210 ||| INVOKING Spit Poison.
   211 | D:1      | Reached XP level 3. HP: 32/32 MP: 3/3
   214 | D:1      | 214 ||| INVOKING Spit Poison.
   229 | D:1      | 229 ||| INVOKING Spit Poison.
   291 | D:1      | 291 ||| INVOKING Spit Poison.
   304 | D:1      | 304 ||| INVOKING Spit Poison.
   406 | D:1      | 406 ||| INVOKING Spit Poison.
   649 | D:1      | 649 ||| READING scroll labelled OKUYR VINTAE.
   652 | D:1      | 652 ||| READING scroll labelled ENULYLOMMO.
   653 | D:1      | 653 ||| READING scroll labelled MOSOAH GOA.
   654 | D:1      | 654 ||| DRINKING 3 blue potions.
   655 | D:1      | 655 ||| DROPPING scroll of butterflies.
   656 | D:1      | 656 ||| DROPPING 2 potions of attraction.
   723 | D:2      | Found an ancient bone altar of Kikubaaqudgha.
   730 | D:2      | 730 ||| INVOKING Spit Poison.
   871 | D:2      | 871 ||| INVOKING Spit Poison.
   885 | D:2      | 885 ||| INVOKING Spit Poison.
   912 | D:2      | 912 ||| INVOKING Spit Poison.
   973 | D:2      | 973 ||| INVOKING Spit Poison.
  1011 | D:2      | 1011 ||| INVOKING Spit Poison.
  1237 | D:2      | 1237 ||| INVOKING Spit Poison.
  1240 | D:2      | 1240 ||| INVOKING Spit Poison.
  1243 | D:2      | 1243 ||| INVOKING Spit Poison.
  1323 | D:2      | 1323 ||| UPGRADING to +0 cloak.
  1328 | D:2      | 1328 ||| READING scroll labelled COTAPR KE UMIMM.
  1329 | D:2      | 1329 ||| READING scroll labelled NIGUJU LOYR.
  1386 | D:2      | 1386 ||| DRINKING 2 cyan potions.
  1387 | D:2      | 1387 ||| DRINKING 2 metallic coppery potions.
  1388 | D:2      | 1388 ||| DRINKING 2 fuming emerald potions.
  1493 | D:2      | 1493 ||| DROPPING potion of berserk rage.
  1518 | D:3      | 1518 ||| INVOKING Spit Poison.
  1519 | D:3      | Reached skill level 5 in Ranged Weapons
  1522 | D:3      | 1522 ||| INVOKING Spit Poison.
  1523 | D:3      | Reached XP level 4. HP: 39/39 MP: 4/4
  1525 | D:3      | 1525 ||| STAIRDANCE
  1527 | D:2      | 1527 ||| INVOKING Spit Poison.
  1565 | D:3      | 1565 ||| INVOKING Spit Poison.
  1574 | D:3      | 1574 ||| INVOKING Spit Poison.
  1580 | D:3      | 1580 ||| INVOKING Spit Poison.
  1583 | D:3      | 1583 ||| INVOKING Spit Poison.
  1584 | D:3      | 1584 ||| INVOKING Spit Poison.
  1613 | D:3      | 1613 ||| INVOKING Spit Poison.
  1642 | D:3      | 1642 ||| INVOKING Spit Poison.
  1647 | D:3      | 1647 ||| INVOKING Spit Poison.
  1651 | D:3      | 1651 ||| INVOKING Spit Poison.
  1652 | D:3      | HP: 10/40 [orc/+0 falchion (5)]
  1653 | D:3      | 1653 ||| READING scroll of teleportation.
  1654 | D:3      | 1654 ||| DRINKING potion of heal wounds.
  1655 | D:3      | 1655 ||| DRINKING 2 potions of curing.
  1655 | D:3      | 1655 ||| (to cure confusion)
  1702 | D:3      | 1702 ||| INVOKING Spit Poison.
  1728 | D:3      | 1728 ||| INVOKING Spit Poison.
  1748 | D:3      | 1748 ||| INVOKING Spit Poison.
  1873 | D:3      | Noticed a water moccasin
  1879 | D:3      | HP: 7/40 [water moccasin (6)]
  1879 | D:3      | Slain by a water moccasin

Levels and vault maps discovered:
D:1:      zaba_arrival_water, layout_loops_ring,
          ebering_ecumenical_altar_petrified, st_stairs_9
D:2:      layout_basic, basic_altar
D:3:      layout_basic

Skill      XL: |  1  2  3 |
---------------+----------+-----
Ranged Weapons | 4 5 |  5.0
Fighting       | |  2.6
Dodging        | |  1.5
Stealth        | |  1.5

Action                     |  1- 3 |  4- 6 || total
---------------------------+-------+-------++-------
   Fire: Shortbow          |    61 |    39 ||   100
Ability: Spit Poison       |    27 |    12 ||    39
    Use: Scroll            |     5 |     1 ||     6
         Potion            |     4 |     2 ||     6
 Armour: Leather armour    |     8 |    10 ||    18
  Dodge: Dodged            |    13 |    17 ||    30

Table legend:
 A = Non-vault XP
 B = Vault XP
 C = Vault XP percentage of total XP
 D = Non-vault monster count
 E = Vault monster count
 F = Vault count percentage of total count
                 A         B        C        D         E       F
            +---------+---------+-------+---------+---------+-------
      Total |     116 |       3 |   2.5 |      52 |       2 |   3.7
            +---------+---------+-------+---------+---------+-------
        D:1 |      51 |       3 |   5.6 |      21 |       2 |   8.7
        D:2 |      28 |       0 |   0.0 |      16 |       0 |   0.0
        D:3 |      37 |       0 |   0.0 |      15 |       0 |   0.0
            +---------+---------+-------+---------+---------+-------
